 Dungeon Crawl Stone Soup version 0.31-a0-557-g6e16503903 (webtiles) character file.

Game seed: 9223714313776095910

3 ytrimaz the Ruffian (level 1, -1/13 HPs)
             Began as an Octopode Shapeshifter on Aug 16, 2023.
             Slain by a goblin
             ... wielding a +0 club
              (5 damage)
             ... on level 1 of the Dungeon.
             The game lasted 00:00:09 (36 turns).

ytrimaz the Ruffian (Octopode Shapeshifter)           Turns: 36, Time: 00:00:09

Health: -1/13      AC:  1    Str: 14    XL:     1   Next: 50%
Magic:  1/1        EV: 13    Int: 10    God:
Gold:   0          SH:  0    Dex: 12    Spells: 0/0 levels left

rFire   . .          .
                       - Unarmed
rCold   . . .        (no shield)
rNeg    . . .        (helmet currently unavailable)
rPois   .            (no amulet)
rElec   .            (no ring)
rCorr   .            (no ring)
SInv    .            (no ring)
Will    .....        (no ring)
Stlth   ++           (no ring)
HPRegen 0.22/turn    (no ring)
MPRegen 0.07/turn    (no ring)
                     (no ring)

%: no passive effects
@: beast-form
A: beast (slay +2), almost no armour, amphibious, 8 rings, camouflage 1,
gelatinous body 1, (nimble swimmer 1), tentacles
a: Begin Untransformation


You were on level 1 of the Dungeon.
You were a hulking beast.
You visited 1 branch of the dungeon, and saw 1 of its levels.


Innate Abilities, Weirdness & Mutations

You are a hulking beast.
Your limbs bulge with bestial killing power. (Slay +2)
You cannot wear most types of armour.
You are amphibious.
You can wear up to eight rings at the same time.
Your skin changes colour to match your surroundings (Stealth+).
Your rubbery body absorbs attacks. (AC +1, EV +1)
((You are camouflaged when in or above water. (Stealth+)))
You have tentacles for arms and can constrict up to eight enemies at once.


   Skills:
 + Level 1.1 Fighting
 + Level 2.1 Dodging
 - Level 3.0 Unarmed Combat
 + Level 3.0 Shapeshifting


You couldn't memorise any spells.
You didn't know any spells.
Your spell library contained the following spells:

 Spells                   Type           Power      Damage    Failure   Level
 Freeze                   Ice            0%         1d3       36%         1
 Sublimation of Blood     Necr           0%         N/A       50%         2
 Frozen Ramparts          Ice            0%         1d1       75%         3
 Hailstorm                Conj/Ice       0%         3d3       75%         3
 Petrify                  Tmut/Erth      0%         N/A       98%         4
 Irradiate                Conj/Tmut      0%         3d11      100%        5

Inventory:

Talismans
 b - a beast talisman (active)
 c - a flux talisman
Potions
 a - a potion of lignification

Dungeon Overview and Level Annotations

Branches:
Dungeon (1/15) Zot: 5964

Altars:

###.##.# #+# . .......#
#.# .. ....... ....#.#
#..##..#.#.#.#.#.#
.........#.#.#.#.#
.........#.#.#.###
#..##..#.###.#.....
.......Srh.#.#...#
#..###.#g###.#.#.#######
......?................ .
......#.###.#.#.###### #.
.?..#..#.#................
#..##..#.#.###.#.######...
#.. .............#####....
.. ......#................
..( ..........##'''##..#


You could see a goblin, a ball python and a rat.


Message History

🤖 Initializing magus.rc ...
Options error: Delay interrupt name "hungry" not recognised. (~/.crawlrc:4375) Bad monster_list_colour key: strict_neutral Options error: Unknown color in colour mapping: 'purle:scroll.*immolation' Bad channel name 'pray' for runrest: 'pray:' Options error: Missing colour in message_colour setting: 'that.*feels deathly cold' Options error: Missing colour in message_colour setting: 'and you must be Full or above to equip it' Options error: Missing colour in message_colour setting: 'but rights himself reflexively soon after' Options error: Missing colour in message_colour setting: 'before it is too late' ✅ Successfully initialized magus.rc [v1.9.6] Welcome, ytrimaz the Octopode Shapeshifter.
Everyone else who sought the Orb of Zot has failed.
Will you be different?
Press ? for a list of commands and other information.
Found a staircase leading out of the dungeon.
You open the gate.
There is an open gate here.
You pick up a book of Frost and begin reading...
You add the spells Freeze, Frozen Ramparts and Hailstorm to your library.
You pick up a book of Alchemy and begin reading...
You add the spells Sublimation of Blood, Petrify and Irradiate to your library.
A giant cockroach comes into view.
A giant cockroach is nearby!
You closely miss the giant cockroach. Your grab misses the giant cockroach.
The giant cockroach bites you. 😕 HP[-1]
You take 1 damage, and now have 12/13 hp.
A giant cockroach is nearby!
You tentacle-slap the giant cockroach. You grab the giant cockroach.
You constrict the giant cockroach.
The giant cockroach bites you but does no damage.
A giant cockroach is nearby!
You tentacle-slap the giant cockroach.
You kill the giant cockroach!
Unknown command.
A kobold comes into view. It is wielding a +0 dagger.
The kobold shouts!
You hear an angry hiss.
You hear a shout!
A kobold is nearby!
A kobold is nearby!
An endoplasm comes into view.
A ball python comes into view.
A goblin comes into view. It is wielding a +0 club.
The kobold hits you with a +0 dagger.
The ball python moves out of view.
Unknown command.
You closely miss the kobold. You grab the kobold.
Your squeeze misses the kobold. You constrict the kobold.
The kobold closely misses you.
A rat comes into view.
You tentacle-slap the kobold.
You kill the kobold!
Things that are here:
a +0 dagger; a kobold corpse The endoplasm freezes you.
You are frozen. 😕 HP[-2]
You take 2 damage, and now have 10/13 hp.
Unknown command.
You tentacle-slap the endoplasm. The endoplasm closely misses you.
The ball python closely misses you. The ball python misses you. 😕 HP[+1]
You tentacle-slap the endoplasm.
You kill the endoplasm!
The ball python barely misses you. The ball python grabs you.
The ball python constricts you. The goblin hits you with a +0 club.
* * * LOW HITPOINT WARNING * * *
😨 HP[-5]
You take 5 damage, and now have 6/13 hp.
MASSIVE DAMAGE!! (PAUSE)
You escape the ball python's grasp.
The goblin barely misses you.
Things that are here:
a +0 dagger; a kobold corpse Unknown command.
The rat attacks as you move away! The rat closely misses you.
The goblin hits you with a +0 club.
* * * LOW HITPOINT WARNING * * *
😨 HP[-2]
You take 2 damage, and now have 4/13 hp.
The goblin attacks as you move away! The goblin hits you with a +0 club.
You die...

Action                     || total
---------------------------++-------
  Melee: Unarmed           ||     7
         Constrict         ||     2
 Armour: Skin              ||     1
  Dodge: Dodged            ||     7

Levels and vault maps discovered:
D:1:      dpeg_arrival_windows_large_door, layout_basic

Notes
Turn   | Place    | Note
-------+----------+-------------------------------------------
     0 | D:1      | ytrimaz the Octopode Shapeshifter began the quest for the
                  | Orb.
     0 | D:1      | Reached XP level 1. HP: 13/13 MP: 1/1
     0 | D:1      | magus.rc [v1.9.6]
     9 | D:1      | You pick up a book of Frost and begin reading...
     9 | D:1      | You add the spells Freeze, Frozen Ramparts and Hailstorm to
                  | your library.
    13 | D:1      | You pick up a book of Alchemy and begin reading...
    13 | D:1      | You add the spells Sublimation of Blood, Petrify and
                  | Irradiate to your library.
    36 | D:1      | Slain by a goblin

Vanquished Creatures
  An endoplasm (D:1)
  A giant cockroach (D:1)
  A kobold (D:1)
3 creatures vanquished.

Table legend:
 A = Non-vault XP
 B = Vault XP
 C = Vault XP percentage of total XP
 D = Non-vault monster count
 E = Vault monster count
 F = Vault count percentage of total count
                 A         B        C        D         E       F
            +---------+---------+-------+---------+---------+-------
      Total |       5 |       0 |   0.0 |       3 |       0 |   0.0
            +---------+---------+-------+---------+---------+-------
        D:1 |       5 |       0 |   0.0 |       3 |       0 |   0.0
            +---------+---------+-------+---------+---------+-------

Action                     || total
---------------------------++-------
  Melee: Unarmed           ||     7
         Constrict         ||     2
 Armour: Skin              ||     1
  Dodge: Dodged            ||     7

Illustrated notes

Table legend:
 A = Kills in this place as a percentage of kills in the entire game.
 B = Kills by you in this place as a percentage of kills by you in the entire game.
 C = Kills by friends in this place as a percentage of kills by friends in the entire game.
 D = Other kills in this place as a percentage of other kills in the entire game.
 E = Experience gained in this place as a percentage of experience gained in the entire game.
 F = Experience gained in this place divided by the number of levels of this place that you have seen.
                   A       B       C       D       E      F
               +-------+-------+-------+-------+-------+----------------------
         Total | 100.0 | 100.0 |   N/A |   N/A | 100.0 |   5.0
       Dungeon | 100.0 | 100.0 |   N/A |   N/A | 100.0 |   5.0
               +-------+-------+-------+-------+-------+----------------------

Table legend: (Time is in decaauts)
 A = Elapsed time spent in this place.
 B = Non-inter-level travel time spent in this place.
 C = Inter-level travel time spent in this place.
 D = Time resting spent in this place.
 E = Time spent auto-exploring this place.
 F = Levels seen in this place.
 G = Mean time per level.
                   A        B        C        D        E       F      G
               +--------+--------+--------+--------+--------+-----+--------+
         Total |     35 |     35 |      0 |      0 |     19 |   1 |   35.0 |
       Dungeon |     35 |     35 |      0 |      0 |     19 |   1 |   35.0 |
               +--------+--------+--------+--------+--------+-----+--------+

Top non-repeatable levels by time:
     D:1: 35 daAuts
